 Dungeon Crawl Stone Soup version 0.24-a0-179-g7a2c91a (webtiles) character file.

Game seed: 10269349302337827162

2294 tilp the Basher (level 9, -2/69 HPs)
             Began as a Demonspawn Chaos Knight on Mar 13, 2019.
             Was a Plaything of Xom.
             Slain by Joseph
             ... wielding a +0 quarterstaff
              (14 damage)
             ... on level 7 of the Dungeon.
             The game lasted 00:17:58 (4694 turns).

tilp the Basher (Demonspawn Chaos Knight)           Turns: 4694, Time: 00:18:00

Health: -2/69      AC: 11    Str: 16    XL:     9   Next: 17%
Magic:  9/9        EV:  4    Int: 14    God:    Xom [.*....]
Gold:   300        SH:  0    Dex: 12    Spells: 8/8 levels left

rFire    . . .     SeeInvis .   a - +0 mace (chaos)
rCold    . . .     Gourm    .   (no shield)
rNeg     . . .     Faith    +   z - +0 plate armour
rPois    .         Spirit   .   (helmet restricted)
rElec    .         Reflect  .   e - scarf {cloud immunity}
rCorr    .         Harm     .   (no gloves)
MR       .....                  B - +0 pair of boots
Stlth    ..........             y - amulet of faith
HPRegen  0.21/turn              (no ring)
MPRegen  0.11/turn              (no ring)

@: no status effects
A: antennae 1, talons 2, blink, robust 1, spiny 2
a: Blink, Renounce Religion


You were on level 7 of the Dungeon.
You worshipped Xom.
You were a plaything of Xom.
You were not hungry.

You visited 1 branch of the dungeon, and saw 7 of its levels.

You collected 390 gold pieces.
You spent 90 gold pieces at shops.

Inventory:

Hand Weapons
 a - a +0 mace of chaos (weapon)
 r - a +3 mace of draining
 H - a +2 morningstar
Missiles
 d - 214 stones
 k - 4 tomahawks (quivered)
Armour
 e - a scarf of cloud immunity (worn)
 n - a +0 pair of gloves
 p - a +2 leather armour of fire resistance
 s - a +0 helmet
 z - a +0 plate armour (worn)
 B - a +0 pair of boots (worn)
Jewellery
 y - an amulet of faith (around neck)
 F - a +2 ring of strength {unknown}
Scrolls
 b - a scroll of random uselessness {unknown}
 f - 3 scrolls of remove curse
 g - a scroll of enchant weapon {unknown}
 i - 2 scrolls of enchant armour
 m - 2 scrolls of immolation
 u - a scroll of silence {unknown}
 v - a scroll of amnesia {unknown}
 w - 2 scrolls of magic mapping {unknown}
 x - 3 scrolls of teleportation
 C - a scroll of blinking {unknown}
 D - a scroll of fog {unknown}
Potions
 j - a potion of brilliance
 l - 8 potions of curing
 o - a potion of invisibility {unknown}
 q - 2 potions of haste
 t - 2 potions of flight
 A - 2 potions of resistance {unknown}
 E - a potion of berserk rage
 G - a potion of heal wounds
Comestibles
 c - 4 rations
 h - 6 chunks of flesh


   Skills:
 - Level 3.0 Fighting
 + Level 11.4 Maces & Flails
 - Level 1.7 Armour
 - Level 0.8 Dodging


You had 8 spell levels left.
You didn't know any spells.
Your spell library contained the following spells:

 Spells                   Type           Power        Failure   Level  Hunger
 Beastly Appendage        Tmut           #.....       100%        1    ##.....
 Sandblast                Erth           #.....       100%        1    ##.....
 Passwall                 Tmut/Erth      #.......     100%        2    ###....
 Sticks to Snakes         Tmut           #.......     100%        2    ###....
 Spider Form              Tmut/Pois      #.........   100%        3    ####...
 Stone Arrow              Conj/Erth      #.....       100%        3    ####...
 Ice Form                 Ice/Tmut       #.......     100%        4    #####..
 Petrify                  Tmut/Erth      #.......     100%        4    #####..
 Blade Hands              Tmut           #.........   100%        5    ######.
 Lee's Rapid Deconstruct  Erth           #.........   100%        5    ######.


Dungeon Overview and Level Annotations

Branches:
Dungeon (7/15)             Temple (0/1) D:6

Altars:
Ashenzari
Dithmenos
Gozag
Hepliaklqana
Nemelex Xobeh
Uskayaw
Vehumet
Wu Jian
Xom
Zin

Shops:
D:6 :

Annotations:
D:4 2ho
D:5 1 runed translucent door, Crazy Yiuf
D:6 2 transporters
D:7 Joseph


Innate Abilities, Weirdness & Mutations

You have razor-sharp toenails.
You are mostly covered in sharp spines.
You have a pair of small antennae on your head.
You can translocate small distances at will.
You are robust. (+10% HP)


Message History

Joseph is lightly wounded.
You closely miss Joseph.
Joseph is lightly wounded.
Joseph is struck by your spines. Joseph hits you with a +0 quarterstaff.
Your plate armour prevents you from hitting Joseph.
Joseph is moderately wounded.
Joseph says, "You will never get the ORB, sorry."
Joseph hits you with a +0 quarterstaff!
You hit Joseph but do no damage.
Joseph seems to speed up.
Joseph is moderately wounded.
Joseph is struck by your spines. Joseph hits you with a +0 quarterstaff!
* * * LOW HITPOINT WARNING * * *
You hit Joseph but do no damage.
Nothing appears to happen.
Joseph is moderately wounded.
Joseph is struck by your spines. Joseph hits you but does no damage.
You hit Joseph but do no damage.
Joseph is moderately wounded.
Joseph hits you with a +0 quarterstaff!
You die...
Xom chortles!

..# #.# ###### ..# #.# #....# ###
#.# #....# # #.# #....# # #.#
#....# # #.# #....# # #.# #....#
#####.###########....############
...(()).........@@...........@...
#####..#####.####........######.#
#..#####'####........## #.#
#..##........####.....# #.#
#...#........# #.....# #..
#.#.#........# #.....#######
#.#..).......# #............
#.##)).......# #......#####.
#.##.........# #......#...#.


You could see Joseph.

Vanquished Creatures
  Prince Ribbit (D:5)
  An orc warrior (D:6)
  3 ogres
  A swamp drake (D:7)
  A phantom (D:5)
  2 centaurs (D:7)
  4 bullfrogs (D:6)
  A scorpion (D:4)
  2 killer bees (D:7)
  4 wights (D:7)
  A howler monkey (D:4)
  A crimson imp (D:5)
  2 hounds
  4 orc priests
  A centaur skeleton (D:5)
  A bullfrog skeleton (D:4)
  An iguana (D:5)
  5 orc wizards
  3 worker ants
  2 hound skeletons
  A worker ant zombie (D:5)
  Robin (D:3)
  3 gnolls (D:5)
  A howler monkey skeleton (D:4)
  9 adders
  2 oozes
  4 worms
  2 dart slugs
  2 leopard geckos
  24 orcs
  11 bats
  5 giant cockroaches
  12 goblins
  9 hobgoblins
  2 jackals (D:6)
  12 kobolds
  4 quokkas
  2 frilled lizards
  A quokka skeleton (D:5)
  7 rats
  A toadstool (D:1)
156 creatures vanquished.

Vanquished Creatures (collateral kills)
  A crimson imp (D:6)
1 creature vanquished.

Vanquished Creatures (others)
  3 toadstools (D:1)
3 creatures vanquished.

Grand Total: 160 creatures vanquished

Notes
Turn   | Place    | Note
-------+----------+-------------------------------------------
     0 | D:1      | tilp the Demonspawn Chaos Knight began the quest for the
                  | Orb.
     0 | D:1      | Reached XP level 1. HP: 18/18 MP: 1/1
   123 | D:1      | Reached skill level 3 in Maces & Flails
   231 | D:1      | Gained mutation: You are partially covered in sharp spines.
                  | [demonic ancestry]
   231 | D:1      | Reached XP level 2. HP: 22/24 MP: 2/2
   269 | D:1      | XOM: silly message
   560 | D:1      | XOM: harmless Necr miscast
  1010 | D:2      | XOM: divination: detect creatures
  1024 | D:2      | Found a shattered altar of Ashenzari.
  1113 | D:2      | Reached skill level 4 in Maces & Flails
  1113 | D:2      | Gained mutation: You have sharp toenails. [demonic
                  | ancestry]
  1113 | D:2      | Reached XP level 3. HP: 28/29 MP: 3/3
  1136 | D:2      | XOM: confuse monster(s)
  1146 | D:2      | Found a hide-covered altar of Uskayaw.
  1146 | D:2      | Found a radiant altar of Vehumet.
  1429 | D:2      | Found a shadowy altar of Dithmenos.
  1441 | D:2      | Reached XP level 4. HP: 27/35 MP: 4/4
  1502 | D:2      | XOM: cast spell 'Summon Small Mammal'
  1726 | D:3      | Reached skill level 5 in Maces & Flails
  1763 | D:3      | Reached XP level 5. HP: 24/41 MP: 5/5
  1876 | D:3      | Noticed Robin
  1885 | D:3      | XOM: harmless Conj miscast
  1972 | D:3      | Found a sparkling altar of Nemelex Xobeh.
  2014 | D:3      | XOM: divination: detect items
  2130 | D:3      | Found a hazy altar of Hepliaklqana.
  2162 | D:3      | Killed Robin
  2188 | D:3      | You fall through a shaft for 2 floors!
  2188 | D:5      | Entered Level 5 of the Dungeon
  2209 | D:5      | Noticed Prince Ribbit
  2236 | D:5      | Found a runed translucent door.
  2237 | D:5      | Noticed Crazy Yiuf
  2248 | D:5      | XOM: butterfly on damage
  2248 | D:5      | XOM: smoke on damage
  2255 | D:5      | Reached skill level 6 in Maces & Flails
  2467 | D:5      | Reached XP level 6. HP: 35/47 MP: 6/6
  2533 | D:4      | XOM: harmless Hex miscast
  2766 | D:4      | Reached skill level 7 in Maces & Flails
  2787 | D:4      | Found a glowing silver altar of Zin.
  2789 | D:4      | Found Zin's Purification Station.
  2793 | D:4      | Bought a potion of curing for 90 gold pieces
  2855 | D:4      | Found an opulent altar of Gozag.
  2866 | D:4      | XOM: harmless Air miscast
  2907 | D:4      | Reached XP level 7. HP: 49/52 MP: 7/7
  2934 | D:4      | XOM: cast spell 'Leda's Liquefaction'
  2945 | D:4      | Reached skill level 8 in Maces & Flails
  2964 | D:4      | Noticed a two-headed ogre
  3016 | D:4      | XOM: harmless Conj miscast
  3073 | D:4      | XOM: cloud trail
  3353 | D:5      | XOM: silly message
  3382 | D:5      | Killed Prince Ribbit
  3382 | D:5      | Reached skill level 9 in Maces & Flails
  3382 | D:5      | Gained mutation: You are mostly covered in sharp spines.
                  | [demonic ancestry]
  3382 | D:5      | Reached XP level 8. HP: 29/58 MP: 8/8
  3612 | D:6      | Found a transporter.
  3688 | D:6      | Found a transporter.
  3691 | D:6      | Noticed a kobold demonologist
  3953 | D:6      | Found a staircase to the Ecumenical Temple.
  3981 | D:6      | Found an ornate altar of the Wu Jian Council.
  3997 | D:6      | Reached skill level 10 in Maces & Flails
  4069 | D:6      | XOM: mild Air miscast
  4089 | D:6      | Found Birull's Book Shoppe.
  4122 | D:6      | XOM: give mutations
  4122 | D:6      | Gained mutation: You are robust. (+10% HP) [Xom's grace]
  4122 | D:6      | Gained mutation: You have razor-sharp toenails. [Xom's
                  | grace]
  4122 | D:6      | Gained mutation: You can translocate small distances at
                  | will. [Xom's grace]
  4122 | D:6      | Gained mutation: You have a pair of small antennae on your
                  | head. [Xom's grace]
  4147 | D:6      | XOM: summons friendly white imp
  4195 | D:7      | XOM: fog
  4221 | D:7      | XOM: scenery: create altars
  4225 | D:7      | XOM: confusion
  4248 | D:7      | XOM: polymorph big kobold -> swamp drake
  4311 | D:7      | XOM: cloud trail
  4325 | D:7      | Reached skill level 11 in Maces & Flails
  4391 | D:7      | XOM: god gift: 22 gold pieces
  4437 | D:7      | Mutation became permanent: You have sharp toenails.
                  | [demonic ancestry]
  4437 | D:7      | Gained mutation: You have razor-sharp toenails. [demonic
                  | ancestry]
  4437 | D:7      | Reached XP level 9. HP: 27/69 MP: 9/9
  4655 | D:7      | Noticed Joseph
  4694 | D:7      | Slain by Joseph

Levels and vault maps discovered:
D:1:      ldierk_water_garden, layout_basic
D:2:      layout_loops_corners, grunt_dithmenos_smoke, old_standard_altar,
          amethyst_overflow_temple_binary
D:3:      layout_loops_ring, lemuel_crystal_altar,
          nemelex_xobeh_ov_fountains_minmay, first_ration,
          hangedman_decor_opposing, uniq_robin
D:4:      layout_basic, zin_purify, kennysheep_mini_moat
D:5:      layout_cave_pools, uniq_prince_ribbit1, uniq_crazy_yiuf_cottage
D:6:      gammafunk_wand_slinger, layout_basic, kennysheep_mini,
          minmay_temple_entry_statues_fountains, serial_shops,
          kennysheep_little_box
D:7:      layout_basic, biasface_ghost_orc_armoury, uniq_joseph

Skill      XL: |  1  2  3  4  5  6  7  8 |
---------------+-------------------------+-----
Maces & Flails | 3 4 5 6 7 9 11 | 11.4
Fighting       | |  3.0
Armour         | |  1.7
Dodging        | |  0.8

Action                   |  1- 3 |  4- 6 |  7- 9 || total
-------------------------+-------+-------+-------++-------
Melee: Mace              |    56 |   131 |   177 ||   364
       Kick              |     5 |    28 |    20 ||    53
Throw: Stone             |     1 |     3 |     1 ||     5
       Tomahawk          |       |       |     2 ||     2
  Use: Scroll            |     2 |     9 |     2 ||    13
       Potion            |       |       |     3 ||     3
 Stab: Confused          |     1 |       |       ||     1
       Distracted        |       |     1 |       ||     1
       Paralysed         |       |       |     1 ||     1
       Sleeping          |       |       |     1 ||     1
  Eat: Chunk             |     2 |     4 |     6 ||    12
Armor: Leather armour    |    18 |    44 |    18 ||    80
       Plate armour      |       |       |    51 ||    51
Dodge: Dodged            |    31 |    57 |    38 ||   126

Table legend:
 A = Non-vault XP
 B = Vault XP
 C = Vault XP percentage of total XP
 D = Non-vault monster count
 E = Vault monster count
 F = Vault count percentage of total count
                 A         B        C        D         E       F
            +---------+---------+-------+---------+---------+-------
      Total |    2970 |     308 |   9.4 |     144 |      12 |   7.7
            +---------+---------+-------+---------+---------+-------
        D:1 |      26 |       0 |   0.0 |      16 |       0 |   0.0
        D:2 |      93 |       0 |   0.0 |      22 |       0 |   0.0
        D:3 |     167 |      34 |  16.9 |      27 |      11 |  28.9
        D:4 |     568 |       0 |   0.0 |      18 |       0 |   0.0
        D:5 |     483 |     274 |  36.2 |      16 |       1 |   5.9
        D:6 |     644 |       0 |   0.0 |      16 |       0 |   0.0
        D:7 |     989 |       0 |   0.0 |      29 |       0 |   0.0
            +---------+---------+-------+---------+---------+-------
